Map: Sunset Valley LE

Players

Throwfordays - Winner!

  • Race: Zerg Zerg
  • League: Silver
  • Spawn Location: 5:00

CmdrBeaumont - Winner!

  • Race: Terran Terran
  • Spawn Location: 5:00

TNF - Winner!

  • Race: Protoss Protoss
  • Spawn Location: 5:00

Farkwad - Winner!

  • Race: Zerg Zerg
  • Spawn Location: 6:00

A.I. 4 (Harder)

  • Race: Protoss Protoss
  • Spawn Location: 11:00

A.I. 5 (Harder)

  • Race: Zerg Zerg
  • Spawn Location: 9:00

A.I. 6 (Harder)

  • Race: Protoss Protoss
  • Spawn Location: 12:00

A.I. 7 (Harder)

  • Race: Terran Terran
  • Spawn Location: 12:00

VOD

Have the link to the VOD?

Description

Time

  • Played on: Sept. 7, 2019, 8:31 p.m.
  • Length: 29:19
Show
View Real Time Build Order
Export as new Build Order

Throwfordays Zerg - Winner!

Build Orders: Hatch First 

Get SALT Encoding   

  12  0:04  Drone  
  13  0:14  Drone  
  14  0:38  Hatchery, Drone  
  14  0:45  Overlord  
  14  1:03  Spawning Pool  
  13  1:05  Drone  
  13  1:10  Drone  
  15  1:13  Drone  
  16  1:21  Drone  
  17  1:26  Extractor  
  17  1:30  Drone  
  17  1:46  Drone  
  18  1:50  Drone  
  18  1:52  Queen  
  21  1:54  Queen  
  21  1:59  Drone  
  24  2:07  Extractor, Drone  
  24  2:11  Drone  
  24  2:13  Drone  
  26  2:21  Drone  
  27  2:24  Drone  
  28  2:49  Overlord  
  28  2:50  Overlord  
  28  2:53  Overlord  
  28  2:55  Overlord  
  28  3:14  Roach Warren  
  28  3:15  Drone x2  
  29  3:24  Zergling x2  
  29  3:26  Zergling x4  
  32  3:28  Drone x4  
  36  3:41  Metabolic Boost  
  36  3:49  Drone x2  
  36  3:54  Extractor  
  37  3:56  Extractor  
  36  4:05  Drone x2  
  36  4:06  Evolution Chamber  
  37  4:10  Roach  
  37  4:15  Roach x3  
  37  4:16  Roach  
  47  4:31  Drone x2  
  49  4:50  Drone x4  
  53  4:56  Roach x3  
  59  5:00  Overlord x3  
  59  5:05  Zerg Missile Weapons Level 1  
  59  5:11  Evolution Chamber  
  58  5:18  Drone x2  
  58  5:21  Drone x3  
  63  5:42  Roach x4  
  73  5:43  Roach x2  
  73  5:47  Drone x3  
  78  5:54  Drone  
  78  5:57  Roach x2  
  83  6:13  Overlord  
  83  6:14  Overlord x4  
  66  6:50  Roach x5  
  76  6:55  Roach x3  
  82  7:19  Lair  
  82  7:30  Hatchery  
  81  7:42  Roach x5  
  81  7:43  Roach  
  93  7:48  Roach x6  
  105  7:54  Hatchery  
  104  8:14  Roach x4  
  104  8:15  Roach  
  114  8:26  Overlord x6  
  114  8:46  Queen  
  114  8:47  Drone  
  114  8:48  Extractor x2  
  115  8:55  Drone x5  
  120  8:58  Drone  
  121  9:06  Queen  
  121  9:07  Drone  
  124  9:13  Roach  
  124  9:14  Roach  
  128  9:23  Zerg Missile Weapons Level 2  
  128  9:25  Zerg Ground Armor Level 1  
  128  9:26  Glial Reconstitution  
  128  9:33  Drone x2  
  128  9:34  Drone  
  128  9:36  Drone x2  
  128  9:38  Drone  
  134  9:40  Drone x2  
  136  9:49  Extractor  
  136  9:50  Drone x3  
  138  9:55  Roach x6  
  150  10:05  Ravager x5  
  150  10:06  Ravager x8  
  163  10:10  Drone  
  164  10:14  Drone  
  164  10:18  Drone x3  
  168  10:22  Drone x2  
  164  10:45  Tunneling Claws  
  100  12:45  Extractor  
  100  12:47  Roach x6  
  100  12:51  Roach x4  
  119  13:04  Roach x5  
  119  13:05  Roach  
  131  13:09  Roach x3  
  131  13:10  Roach x2  
  131  13:12  Queen  
  143  13:13  Roach x2  
  147  13:35  Zerg Ground Armor Level 2, Spire  
  147  13:39  Drone  
  147  13:42  Roach x4  
  147  13:45  Ravager x5  
  147  13:46  Ravager x7  
  167  13:49  Roach x3  
  167  13:50  Roach  
  72  14:38  Roach x2  
  72  14:39  Roach  
  72  14:43  Roach x6  
  88  14:50  Zerg Flyer Weapons Level 1  
  88  14:52  Mutalisk x5  
  90  14:53  Mutalisk x3  
  90  14:59  Mutalisk  
  104  15:00  Mutalisk x4  
  104  15:03  Queen  
  104  15:05  Mutalisk x2  
  120  15:09  Mutalisk x2  
  124  15:31  Mutalisk x6  
  136  15:45  Infestation Pit, Spire  
  132  16:32  Mutalisk  
  132  16:33  Mutalisk x2  
  132  16:39  Mutalisk x4  
  140  16:44  Hatchery  
  145  16:48  Mutalisk  
  145  16:49  Mutalisk x4  
  155  16:58  Mutalisk x7  
  155  16:59  Mutalisk x2  
  173  17:03  Mutalisk x3  
  173  17:04  Mutalisk x2  
  147  18:12  Hive  
  147  18:13  Zerg Flyer Weapons Level 2  
  147  18:15  Zerg Flyer Armor Level 1  
  147  18:31  Hatchery  
  140  19:23  Mutalisk x4  
  140  19:24  Mutalisk  
  143  19:35  Mutalisk x6  
  155  19:59  Extractor  
  154  20:00  Extractor  
  113  22:38  Queen  
  113  22:39  Mutalisk  
  113  22:40  Mutalisk x2  
  113  22:42  Mutalisk x4  
  113  22:43  Mutalisk x2  
  133  22:50  Queen  
  133  22:51  Mutalisk x3  
  141  22:59  Mutalisk x3  
  141  23:04  Mutalisk x5  
  157  23:25  Mutalisk x3  
  163  23:39  Mutalisk x3  
  163  23:40  Mutalisk x2  
  173  23:44  Zerg Flyer Weapons Level 3  
  173  23:45  Zerg Flyer Armor Level 2  
  117  26:51  Mutalisk x3  
  117  26:54  Mutalisk x6  
  123  27:01  Mutalisk x5  
  135  27:05  Mutalisk x4  
  135  27:06  Mutalisk x2  
  157  27:11  Mutalisk x2  
Show
View Real Time Build Order
Export as new Build Order

CmdrBeaumont Terran - Winner!

Build Orders: Reaper Expand 

Get SALT Encoding   

  12  0:30  SCV  
  13  0:37  Supply Depot  
  13  0:42  SCV  
  14  0:47  Refinery  
  14  0:51  Engineering Bay  
  14  0:53  Refinery  
  14  0:54  SCV  
  15  1:10  Barracks  
  15  1:59  Command Center  
  15  2:05  Reaper  
  16  2:14  SCV  
  17  2:37  Reaper, Orbital Command  
  18  3:08  Terran Infantry Weapons Level 1  
  18  3:09  Reaper  
  19  3:20  Barracks  
  19  3:28  SCV  
  20  3:40  SCV  
  20  3:41  Marine  
  22  3:52  SCV  
  23  4:01  SCV  
  24  4:08  Barracks Reactor  
  24  4:13  SCV  
  24  4:16  Supply Depot  
  25  4:17  Barracks Reactor  
  25  4:25  SCV  
  25  4:26  Orbital Command  
  26  4:37  SCV  
  27  5:07  Sensor Tower  
  27  5:19  Marine  
  27  5:20  Marine x3  
  31  5:37  Marine x2  
  31  5:41  Sensor Tower  
  33  5:45  Orbital Command  
  33  6:27  Sensor Tower  
  26  7:15  Marine x4  
  30  7:33  Marine x4  
  34  7:38  Factory  
  34  7:50  Marine  
  34  7:51  Marine x2  
  37  8:10  Sensor Tower, Hi-Sec Auto Tracking  
  37  8:22  Factory  
  37  8:28  Refinery  
  37  8:30  SCV  
  38  8:36  SCV  
  38  8:39  Sensor Tower  
  39  8:42  SCV  
  40  8:49  SCV  
  40  8:54  Refinery, SCV  
  42  9:01  SCV  
  43  9:05  Factory  
  43  9:06  SCV  
  44  9:13  SCV  
  44  9:16  Sensor Tower  
  45  9:18  SCV  
  45  9:20  Factory Tech Lab  
  45  9:21  Factory Tech Lab  
  46  9:25  SCV  
  47  9:36  Armory  
  47  9:42  Infernal Pre-Igniter  
  47  9:44  Mag-Field Accelerator  
  47  9:50  Neosteel Armor, Factory  
  47  9:55  Factory Tech Lab  
  47  10:02  SCV  
  48  10:14  SCV  
  49  10:26  SCV  
  49  10:27  Armory, Siege Tank x3  
  56  11:18  Sensor Tower  
  56  11:25  Factory Tech Lab  
  56  11:32  Terran Vehicle Weapons Level 1  
  56  11:35  Terran Vehicle And Ship Armor Level 1  
  56  12:13  Command Center  
  56  12:25  Thor  
  62  12:39  Refinery  
  62  13:05  Refinery  
  62  13:24  Thor  
  62  13:25  Thor  
  74  13:57  Supply Depot  
  74  14:01  Thor  
  68  14:20  Supply Depot  
  68  14:43  Supply Depot  
  68  14:51  Thor x4  
  92  15:05  Supply Depot  
  92  15:28  Supply Depot  
  92  15:34  Thor x4, Terran Vehicle Weapons Level 2  
  116  15:37  Terran Vehicle And Ship Armor Level 2  
  116  16:17  Cyclone x4  
  128  16:49  Cyclone x3  
  137  17:06  Siege Tank  
  140  17:21  Siege Tank x3  
  146  17:53  Supply Depot  
  146  17:59  Thor  
  152  18:14  Thor x2  
  152  18:15  Supply Depot  
  164  18:26  Planetary Fortress  
  164  18:38  Supply Depot  
  164  18:41  Cyclone  
  167  18:43  Cyclone  
  170  18:57  Cyclone x2  
  176  19:13  Cyclone  
  176  19:15  Cyclone  
  61  22:28  Thor x4  
  82  23:11  Thor x4  
  106  23:53  Thor  
  106  23:54  Thor x3  
  130  24:25  Terran Vehicle Weapons Level 3  
  130  24:37  Cyclone x4  
  142  24:45  Terran Vehicle And Ship Armor Level 3  
  142  25:09  Cyclone x4  
  154  25:41  Siege Tank x4  
  166  25:53  Smart Servos  
  166  25:58  Drilling Claws  
  166  26:13  Hellbat, Siege Tank x2  
  166  26:14  Hellbat  
  176  26:35  Hellbat x2  
  180  26:45  Hellbat x2  
  184  26:56  Hellbat x2  
  188  28:10  Hellbat x2  
Show
View Real Time Build Order
Export as new Build Order

TNF Protoss - Winner!

Build Orders: Cannon Rush 

Get SALT Encoding   

  12  0:03  Probe  
  13  0:15  Probe  
  14  0:27  Probe  
  15  0:34  Pylon  
  15  0:40  Assimilator  
  15  0:46  Assimilator  
  15  0:57  Forge  
  15  1:02  Gateway  
  15  1:14  Pylon  
  15  1:22  Probe  
  16  1:34  Probe  
  16  1:38  Photon Cannon  
  17  1:46  Probe  
  18  1:49  Photon Cannon  
  18  1:56  Photon Cannon  
  18  1:58  Probe  
  19  2:09  Cybernetics Core  
  19  2:10  Probe  
  19  2:15  Zealot  
  22  2:42  Zealot  
  24  2:50  Nexus  
  24  2:56  Shield Battery  
  24  3:03  Shield Battery  
  24  3:09  Photon Cannon  
  24  3:15  Photon Cannon  
  24  3:25  Assimilator  
  24  3:33  Assimilator  
  24  3:42  Photon Cannon  
  24  3:55  Pylon  
  24  4:35  Stalker  
  26  4:57  Probe  
  27  5:04  Probe  
  27  5:05  Adept  
  30  5:09  Probe  
  31  5:17  Probe  
  32  5:21  Probe  
  33  5:29  Probe  
  33  5:31  Stargate  
  33  5:34  Probe  
  33  5:35  Zealot  
  37  5:44  Stargate  
  37  5:46  Probe  
  38  5:55  Probe  
  38  6:02  Sentry  
  38  6:03  Probe  
  41  6:10  Robotics Facility  
  42  6:12  Probe  
  43  6:24  Probe  
  44  6:28  Adept  
  46  6:36  Probe  
  47  6:48  Probe  
  48  6:56  Void Ray  
  48  7:00  Probe  
  53  7:13  Probe  
  54  7:17  Protoss Air Weapons Level 1  
  54  7:53  Nexus  
  54  7:56  Protoss Shields Level 1  
  54  8:03  Assimilator  
  54  8:08  Assimilator  
  54  8:31  Fleet Beacon  
  54  8:55  Pylon  
  54  8:57  Pylon  
  54  9:00  Pylon  
  54  9:05  Void Ray x2  
  54  9:08  Probe  
  63  9:20  Probe  
  64  9:26  Protoss Air Armor Level 1  
  64  9:30  Probe  
  65  9:32  Probe  
  66  9:42  Probe  
  66  9:45  Probe  
  68  9:48  Tempest x2  
  78  9:54  Probe  
  78  9:57  Probe  
  80  10:06  Probe  
  81  10:09  Probe  
  81  10:13  Immortal  
  86  10:14  Protoss Ground Armor Level 1  
  86  10:18  Probe  
  86  10:21  Probe  
  88  10:30  Tempest  
  93  10:44  Pylon  
  93  10:47  Pylon  
  93  11:01  Void Ray  
  93  11:02  Probe  
  98  11:13  Void Ray  
  98  11:14  Probe  
  103  11:37  Protoss Air Weapons Level 2  
  103  11:44  Tempest  
  108  12:23  Protoss Ground Weapons Level 1  
  76  12:56  Probe  
  77  13:00  Tempest  
  77  13:02  Tempest  
  83  13:09  Probe  
  84  13:24  Probe  
  86  13:34  Void Ray  
  86  13:36  Probe  
  86  13:37  Void Ray  
  87  13:42  Probe  
  87  13:48  Probe  
  96  14:00  Probe  
  97  14:11  Protoss Air Armor Level 2  
  97  14:12  Probe  
  97  14:15  Tempest  
  98  14:18  Tempest  
  108  14:24  Probe  
  109  15:29  Void Ray  
  109  15:31  Void Ray  
  105  16:19  Tempest  
  105  16:20  Tempest  
  91  16:36  Pylon  
  91  16:37  Pylon  
  91  16:41  Pylon  
  91  16:44  Pylon  
  91  16:52  Void Ray  
  91  16:53  Void Ray  
  99  17:14  Protoss Air Weapons Level 3  
  99  17:28  Immortal  
  103  17:31  Adept  
  103  17:35  Tempest  
  103  17:36  Tempest  
  115  18:01  Stalker  
  117  18:07  Observer  
  118  18:17  Void Ray  
  118  18:19  Void Ray  
  126  18:31  Sentry  
  124  18:50  Tempest  
  124  18:51  Tempest  
  98  18:57  Zealot  
  100  19:24  Adept  
  102  19:32  Void Ray  
  102  19:33  Void Ray  
  110  19:54  Stalker  
  112  20:06  Tempest  
  112  20:07  Tempest  
  112  20:13  Protoss Air Armor Level 3  
  122  20:22  Mothership  
  122  20:24  Sentry  
  132  20:49  Void Ray  
  136  20:50  Void Ray  
  140  21:04  Pylon  
  140  21:05  Pylon  
  140  21:08  Pylon  
  140  21:11  Pylon  
  140  21:22  Zealot  
  142  21:31  Tempest  
  147  21:33  Tempest  
  152  21:45  Nexus  
  152  21:49  Adept  
  152  21:50  Assimilator  
  154  21:55  Assimilator  
  154  22:01  Pylon  
  154  22:14  Void Ray  
  158  22:15  Void Ray  
  158  22:27  Photon Cannon  
  158  22:31  Photon Cannon  
  158  22:32  Photon Cannon  
  158  22:35  Photon Cannon  
  152  22:40  Photon Cannon  
  152  22:42  Shield Battery  
  150  22:46  Shield Battery  
  150  23:25  Void Ray  
  144  23:27  Tempest  
  107  24:04  Tempest, Void Ray  
  106  24:40  Void Ray  
  106  24:43  Tempest, Immortal  
  110  24:46  Stalker  
  121  25:16  Stalker  
  123  25:22  Immortal  
  123  25:23  Void Ray  
  123  25:26  Tempest  
  136  25:46  Stalker  
  138  26:01  Immortal  
  142  26:06  Void Ray  
  142  26:09  Tempest  
  151  26:16  Stalker  
  149  26:41  Immortal  
  149  26:46  Stalker  
  155  26:49  Void Ray  
  155  26:51  Tempest  
  164  27:20  Immortal  
  168  27:32  Void Ray  
  168  27:34  Tempest  
  177  28:15  Void Ray  
  177  28:17  Tempest  
Show
View Real Time Build Order
Export as new Build Order

Farkwad Zerg - Winner!

Build Orders: Pool First 

Get SALT Encoding   

  12  0:06  Drone  
  13  0:09  Drone  
  14  0:18  Overlord  
  14  0:53  Spawning Pool  
  14  0:56  Drone  
  14  0:57  Drone  
  14  0:58  Overlord  
  15  1:11  Extractor  
  14  1:14  Drone  
  15  1:44  Hatchery  
  14  2:05  Drone x2  
  14  2:06  Drone  
  17  2:20  Extractor  
  16  2:27  Baneling Nest  
  15  2:36  Spine Crawler  
  14  2:50  Spine Crawler  
  13  2:57  Drone  
  14  3:02  Queen  
  16  3:05  Drone  
  16  3:07  Drone  
  16  3:08  Drone  
  19  3:21  Drone  
  20  3:38  Drone x3  
  20  3:40  Spine Crawler  
  22  3:53  Drone  
  22  3:54  Drone x2  
  25  4:02  Spine Crawler  
  24  4:05  Drone x2  
  26  4:13  Spine Crawler  
  25  4:21  Spine Crawler  
  25  4:23  Drone x2  
  26  4:40  Evolution Chamber  
  25  4:46  Zergling x4  
  25  4:47  Zergling x2  
  25  4:49  Overlord  
  25  4:50  Drone  
  29  5:06  Spine Crawler  
  28  5:16  Baneling x2  
  28  5:17  Baneling  
  28  5:18  Baneling  
  28  5:29  Zerg Ground Armor Level 1  
  28  5:52  Drone x3, Spine Crawler  
  28  5:54  Queen  
  32  5:58  Lair  
  32  6:18  Spore Crawler  
  28  7:07  Zergling x6  
  28  7:08  Zergling x6  
  34  7:14  Drone x3  
  37  7:26  Spine Crawler  
  36  7:34  Spine Crawler  
  35  7:38  Extractor  
  35  7:40  Drone x2  
  35  7:43  Overlord  
  36  7:45  Drone  
  36  7:46  Drone  
  38  7:52  Queen  
  38  7:58  Baneling x4  
  40  7:59  Baneling x2  
  40  8:21  Zerg Missile Weapons Level 1  
  40  8:47  Lair  
  40  8:55  Spine Crawler  
  39  9:16  Drone  
  41  9:17  Drone  
  41  9:18  Drone, Overlord  
  41  9:19  Overlord  
  41  9:20  Overlord  
  42  9:30  Spire  
  41  9:38  Drone  
  41  9:39  Drone x4  
  41  9:40  Drone x2  
  48  10:15  Zerg Ground Armor Level 2  
  48  10:19  Pneumatized Carapace  
  48  10:23  Burrow  
  48  10:35  Spine Crawler  
  47  10:41  Spine Crawler  
  46  10:48  Spore Crawler  
  45  10:56  Corruptor x2  
  47  10:57  Corruptor x2  
  53  11:14  Corruptor  
  53  11:15  Corruptor x2  
  59  12:07  Infestation Pit  
  58  12:19  Spore Crawler  
  57  12:24  Spore Crawler  
  56  12:31  Zerg Melee Weapons Level 1  
  56  12:33  Corruptor  
  56  12:34  Corruptor x4  
  56  12:35  Corruptor  
  68  12:45  Extractor  
  67  13:02  Hive  
  67  13:31  Overlord  
  67  13:32  Overlord x2  
  67  14:16  Greater Spire  
  67  14:25  Zerg Missile Weapons Level 2  
  67  14:26  Spire  
  66  14:38  Drone x5  
  71  14:53  Spore Crawler  
  71  14:59  Spore Crawler  
  69  15:11  Spore Crawler  
  68  15:27  Corruptor x3  
  74  15:37  Zerg Flyer Weapons Level 1  
  74  15:41  Greater Spire  
  74  15:48  Overlord x2  
  74  15:49  Corruptor  
  74  15:56  Hive  
  76  16:07  Brood Lord  
  76  16:08  Brood Lord  
  76  16:09  Brood Lord x2  
  76  16:10  Brood Lord  
  86  16:11  Brood Lord  
  86  16:12  Brood Lord x2  
  86  16:13  Brood Lord  
  86  16:14  Brood Lord  
  96  16:40  Spore Crawler  
  96  16:42  Spore Crawler  
  94  16:53  Drone  
  95  16:56  Overlord x2  
  95  17:31  Zerg Flyer Armor Level 1  
  95  17:40  Brood Lord  
  95  17:43  Brood Lord  
  99  17:45  Brood Lord  
  100  18:37  Mutalisk x2  
  100  18:38  Mutalisk  
  106  18:42  Mutalisk x2  
  107  19:24  Spine Crawler  
  106  19:25  Spine Crawler  
  105  20:29  Hatchery  
  104  21:24  Extractor  
  104  21:25  Spine Crawler  
  102  21:46  Extractor  
  101  22:00  Corruptor x2  
  105  22:01  Corruptor  
  105  22:02  Mutalisk  
  105  22:03  Mutalisk  
  111  22:18  Spine Crawler  
  111  22:20  Spine Crawler  
  109  22:49  Drone x3  
  112  23:13  Drone x2  
  112  23:15  Queen  
  116  23:53  Overseer  
  116  23:55  Overseer  
  116  23:57  Overseer  
  116  24:01  Overlord  
  116  24:02  Overlord x3  
Show
View Real Time Build Order
Export as new Build Order

A.I. 4 (Harder) Protoss 

Build Orders:  

Get SALT Encoding   

  12  0:01  Probe  
  13  0:13  Probe  
  14  0:19  Pylon  
  14  0:25  Probe  
  15  0:33  Probe  
  15  0:41  Probe  
  16  0:47  Assimilator  
  17  0:51  Gateway, Probe  
  18  1:00  Pylon, Probe  
  19  1:20  Probe  
  20  1:39  Zealot  
  22  1:41  Cybernetics Core  
  22  1:43  Gateway  
  22  1:46  Assimilator  
  22  2:00  Pylon  
  22  2:08  Adept  
  24  2:24  Warp Gate  
  24  2:29  Stalker  
  26  2:40  Zealot  
  28  2:45  Pylon  
  28  2:54  Zealot  
  30  3:07  Stalker  
  32  3:16  Adept  
  32  3:19  Pylon  
  34  3:37  Adept  
  34  3:38  Probe  
  37  3:46  Stalker  
  39  3:50  Probe  
  40  3:59  Pylon  
  40  4:02  Probe  
  41  4:07  Adept  
  41  4:09  Forge  
  43  4:11  Probe  
  44  4:19  Probe  
  44  4:24  Adept  
  46  4:28  Probe  
  47  4:40  Probe  
  47  4:44  Adept  
  50  4:54  Stalker  
  52  6:13  Protoss Ground Weapons Level 1, Sentry  
  52  6:16  Gateway  
  54  6:19  Robotics Facility  
  54  6:20  Adept  
  54  6:22  Pylon  
  54  6:23  Nexus  
  56  6:25  Photon Cannon  
  56  6:30  Photon Cannon  
  56  6:31  Sentry, Stargate  
  58  6:35  Twilight Council  
  58  6:39  Forge  
  58  6:41  Adept  
  60  6:52  Stalker  
  54  7:01  Protoss Ground Armor Level 1, Stalker  
  46  7:07  Observer  
  45  7:10  Zealot  
  47  7:18  Zealot  
  49  7:23  Observer  
  49  7:26  Adept  
  52  7:34  Adept, Probe  
  56  7:37  Probe  
  56  7:42  Adept  
  58  7:44  Pylon  
  58  7:47  Probe  
  58  7:49  Probe  
  58  7:50  Stalker  
  62  7:57  Pylon  
  62  7:58  Adept  
  64  7:59  Probe  
  64  8:01  Probe  
  66  8:11  Probe  
  67  8:13  Probe  
  68  8:20  Photon Cannon  
  68  8:21  Probe  
  68  8:22  Photon Cannon  
  68  8:25  Probe  
  70  8:29  Probe  
  70  8:33  Probe  
  71  8:37  Probe  
  73  8:41  Probe  
  74  9:04  Assimilator  
  74  9:09  Assimilator  
  74  9:24  Probe  
  74  9:27  Probe  
  76  9:32  Probe  
  77  9:39  Probe  
  77  9:40  Probe  
  79  10:17  Warp Prism  
  79  10:20  Stalker  
  81  10:25  Gateway, Void Ray  
  87  10:30  Robotics Facility  
  87  10:31  Zealot  
  87  10:34  Stargate  
  89  10:37  Zealot  
  89  10:40  Pylon  
  91  10:44  Stalker  
  91  10:47  Warp Prism  
  91  10:50  Stalker  
  69  10:57  Stalker  
  67  11:07  Zealot  
  69  11:11  Protoss Ground Weapons Level 2  
  69  11:13  Sentry, Protoss Ground Armor Level 2, Void Ray  
  69  11:17  Warp Prism  
  73  11:18  Zealot  
  73  11:20  Blink  
  73  11:22  Observer  
  73  11:24  Stalker  
  78  11:29  Stalker  
  74  11:33  Zealot  
  74  11:36  Zealot  
  69  11:40  Zealot  
  69  11:47  Zealot  
  56  11:52  Void Ray  
  56  11:53  Zealot  
  57  11:58  Stalker  
  57  12:02  Zealot  
  57  12:08  Sentry  
  59  12:14  Stalker  
  54  12:17  Probe  
  53  12:24  Nexus  
  53  12:29  Probe  
  52  12:38  Probe  
  52  12:41  Gateway  
  53  12:46  Probe  
  54  12:55  Probe  
  55  13:30  Probe  
  56  13:35  Probe  
  56  13:36  Stalker  
  56  13:41  Stalker  
  61  13:42  Stargate  
  61  13:49  Stalker  
  63  13:56  Sentry  
  65  14:09  Templar Archives  
  57  14:33  Zealot  
  59  14:38  Zealot  
  61  14:48  High Templar  
  63  14:53  Immortal  
  63  14:58  Zealot  
  69  15:04  Zealot  
  71  15:09  Sentry  
  73  15:14  Immortal  
  73  15:17  Probe  
  73  15:21  High Templar  
  79  15:27  Archon  
  79  15:28  High Templar  
  81  15:34  High Templar  
  83  15:37  Pylon  
  83  15:50  Archon  
  83  15:51  High Templar  
  85  15:57  High Templar  
  85  15:59  Assimilator  
  86  16:04  Pylon  
  86  16:11  Robotics Bay  
  82  16:43  High Templar, Archon  
  84  16:49  High Templar  
  86  17:03  High Templar, Archon  
  88  17:28  Disruptor  
  91  17:33  Adept  
  81  17:48  Stalker  
  59  17:52  Stalker  
  59  17:57  Zealot  
  48  18:01  Zealot  
  50  18:05  Zealot  
  50  18:10  Stalker  
  54  18:14  Zealot  
  54  18:19  Sentry  
  58  18:35  Void Ray  
  62  18:57  Stalker  
  64  19:23  Disruptor  
  67  20:03  Fleet Beacon  
  57  20:24  Zealot  
  57  20:25  Zealot  
  57  20:26  Zealot  
  57  20:27  Zealot x2  
  42  20:31  Assimilator  
  38  20:38  Zealot  
  38  20:39  Zealot  
  31  20:43  Pylon  
  31  20:46  Zealot x2  
  31  20:47  Stalker  
  31  20:48  Zealot  
  33  20:56  Zealot  
  13  21:06  Zealot  
  13  21:08  Probe  
  6  21:20  Probe  
  7  21:32  Probe  
  6  21:44  Probe  
  7  21:48  Pylon  
  7  21:56  Probe  
Show
View Real Time Build Order
Export as new Build Order

A.I. 5 (Harder) Zerg 

Build Orders: 1 Base Baneling Bust, Pool First 

Get SALT Encoding   

  12  0:01  Drone  
  13  0:12  Overlord  
  13  0:16  Drone  
  14  0:30  Drone  
  14  0:31  Drone  
  16  0:42  Spawning Pool  
  16  0:45  Drone  
  16  0:49  Drone  
  17  0:52  Extractor  
  17  0:55  Drone  
  17  1:06  Overlord  
  17  1:29  Queen  
  17  1:31  Zergling x2  
  20  1:36  Roach Warren  
  20  1:38  Drone  
  20  1:39  Drone  
  21  1:40  Extractor  
  20  1:49  Zergling x2  
  21  2:00  Drone  
  22  2:11  Lair  
  22  2:18  Roach  
  24  2:23  Drone  
  25  2:32  Roach  
  25  2:36  Drone  
  28  2:44  Overlord  
  28  3:02  Roach  
  28  3:04  Overlord  
  30  3:11  Roach  
  32  3:13  Hydralisk Den  
  32  3:16  Drone  
  32  3:21  Roach  
  34  3:30  Roach  
  36  3:35  Overlord  
  36  3:40  Roach  
  38  3:49  Roach  
  40  3:57  Hydralisk  
  42  4:06  Hydralisk  
  43  4:12  Overlord  
  43  4:15  Zergling x2  
  43  4:16  Drone  
  45  4:20  Drone  
  45  4:23  Hydralisk  
  48  4:25  Drone  
  49  4:36  Drone  
  49  4:37  Baneling Nest  
  49  4:43  Hydralisk  
  49  4:44  Drone x2  
  53  4:48  Drone  
  54  4:52  Evolution Chamber  
  54  4:58  Drone  
  54  5:49  Zerg Melee Weapons Level 1  
  54  5:50  Zergling x2, Overlord  
  54  5:51  Infestation Pit  
  54  5:52  Burrow  
  54  5:57  Zergling x2  
  54  5:58  Hatchery  
  54  6:03  Zergling x2  
  55  6:10  Drone  
  56  6:15  Metabolic Boost  
  56  6:28  Infestor  
  57  6:35  Zergling x2  
  49  6:42  Roach  
  35  6:49  Zergling x2  
  36  6:55  Roach  
  38  7:02  Roach  
  40  7:08  Roach  
  40  7:11  Drone  
  40  7:13  Drone  
  40  7:15  Roach  
  46  7:19  Extractor, Drone  
  46  7:21  Hydralisk  
  48  7:23  Drone  
  48  7:27  Drone, Hydralisk  
  52  7:31  Drone  
  52  7:33  Drone  
  54  7:42  Drone  
  54  7:43  Drone  
  54  7:44  Zerg Ground Armor Level 1  
  56  7:52  Drone  
  56  7:53  Drone, Roach  
  56  7:55  Drone  
  56  7:58  Drone  
  62  8:03  Overlord  
  62  8:05  Drone  
  63  8:13  Overseer  
  63  8:14  Drone  
  63  8:16  Drone  
  65  8:20  Overseer  
  65  8:24  Drone  
  65  8:25  Infestor  
  65  8:26  Drone  
  69  8:27  Spore Crawler  
  69  8:28  Drone  
  69  8:30  Overlord  
  69  8:35  Drone  
  69  8:39  Drone  
  71  8:41  Spore Crawler  
  71  8:46  Spore Crawler, Drone  
  70  8:49  Spore Crawler, Drone  
  70  8:54  Queen  
  72  8:56  Hydralisk  
  72  8:57  Drone  
  72  8:58  Drone  
  72  9:01  Queen  
  78  9:03  Infestor  
  78  9:05  Overlord  
  78  9:09  Hydralisk  
  80  9:12  Spine Crawler  
  80  9:17  Spine Crawler  
  80  9:19  Spine Crawler  
  80  9:22  Drone  
  80  9:24  Drone, Spine Crawler  
  80  9:34  Spire  
  80  9:35  Drone  
  80  9:38  Zerg Missile Weapons Level 1, Evolution Chamber  
  79  10:11  Extractor  
  78  10:14  Hive  
  78  10:19  Pneumatized Carapace  
  78  10:30  Hatchery  
  78  10:34  Zergling x2  
  78  10:35  Overseer  
  47  10:46  Corruptor  
  49  10:56  Infestor  
  51  11:07  Drone  
  52  11:24  Zergling x2, Infestor  
  52  11:25  Overseer  
  52  11:27  Greater Spire  
  52  11:45  Drone  
  52  11:46  Drone x2, Corruptor  
  55  11:48  Drone x2  
  55  11:49  Drone x2  
  55  11:50  Drone  
  55  11:51  Drone x2  
  55  11:52  Drone x2  
  55  11:53  Drone  
  55  11:54  Drone  
  68  11:55  Drone x2  
  68  11:56  Zergling x2, Drone  
  68  11:57  Drone  
  68  11:58  Drone  
  68  12:00  Extractor  
  72  12:03  Drone  
  72  12:04  Extractor  
  72  12:05  Corruptor  
  72  12:07  Drone  
  75  12:12  Overlord  
  75  12:15  Infestor  
  77  12:26  Infestor  
  73  12:34  Drone  
  73  12:35  Drone  
  71  12:38  Drone x2  
  71  12:39  Drone  
  71  12:40  Drone x2  
  71  12:41  Drone  
  71  12:42  Drone  
  70  12:45  Zergling x2, Drone  
  70  12:46  Zerg Melee Weapons Level 2  
  70  12:47  Drone x2  
  70  12:48  Drone  
  70  12:51  Drone  
  73  12:54  Drone  
  73  12:55  Drone x2  
  73  12:56  Drone  
  73  12:57  Drone  
  72  13:00  Drone x2  
  72  13:04  Zergling x2  
  62  13:10  Drone  
  53  13:14  Infestor  
  55  13:21  Drone x3  
  55  13:23  Infestor  
  55  13:24  Drone  
  61  13:31  Drone  
  61  13:33  Brood Lord x2  
  61  13:34  Corruptor, Brood Lord  
  68  13:38  Hatchery  
  69  13:48  Corruptor  
  69  13:53  Hatchery  
  70  13:56  Drone  
  70  13:57  Corruptor  
  70  13:59  Drone  
  70  14:02  Infestor  
  72  14:07  Zergling x2  
  73  14:17  Roach  
  73  14:20  Hydralisk  
  75  14:29  Lurker Den  
  75  14:30  Roach  
  76  14:34  Roach  
  76  14:37  Hydralisk  
  80  14:41  Hydralisk  
  80  14:43  Overlord  
  82  14:46  Roach  
  82  14:49  Overseer, Hatchery  
  82  14:50  Roach  
  85  14:54  Roach  
  85  14:58  Ravager  
  88  15:00  Ravager  
  88  15:01  Roach, Overlord  
  88  15:05  Roach  
  93  15:08  Hydralisk  
  95  15:19  Hydralisk  
  95  15:20  Overlord  
  97  15:22  Hydralisk  
  97  15:26  Infestor  
  85  15:31  Roach  
  81  15:37  Drone  
  81  15:41  Overlord  
  77  15:42  Roach  
  77  15:48  Overseer  
  66  15:52  Overseer  
  66  15:53  Zergling x2  
  63  16:01  Hydralisk  
  57  16:05  Hydralisk  
  44  16:14  Drone  
  44  16:17  Drone  
  30  16:23  Extractor  
  28  16:27  Drone  
  28  16:28  Drone x2  
  28  16:30  Drone  
  28  16:31  Drone  
  33  16:32  Extractor  
  33  16:33  Drone  
  33  16:41  Drone  
  34  16:47  Ravager  
  34  16:48  Lurker  
  34  16:50  Drone  
  37  16:56  Drone  
  37  16:59  Drone  
  39  17:02  Drone  
  39  17:07  Drone  
  41  17:11  Drone, Roach  
  41  17:14  Drone  
  43  17:17  Drone  
  43  17:22  Drone  
  41  17:25  Hydralisk  
  39  17:31  Hydralisk  
  38  17:37  Roach  
  38  17:41  Roach  
  40  17:45  Roach  
  40  17:49  Drone  
  40  17:51  Drone  
  44  17:58  Overlord  
  44  18:01  Drone  
  44  18:04  Drone  
  46  18:11  Drone  
  46  18:13  Overseer  
  46  18:14  Overseer  
  46  18:19  Drone x2  
  34  18:28  Drone  
  21  18:48  Drone  
  20  18:50  Overlord  
  20  18:58  Drone  
  14  19:24  Drone  
  14  20:09  Drone  
  5  20:30  Drone  
  5  20:31  Drone x2  
  5  20:32  Drone  
Show
View Real Time Build Order
Export as new Build Order

A.I. 6 (Harder) Protoss 

Build Orders:  

Get SALT Encoding   

  12  0:01  Probe  
  13  0:13  Probe  
  14  0:20  Pylon  
  14  0:25  Probe  
  15  0:34  Probe  
  16  0:42  Probe  
  16  0:47  Assimilator  
  17  0:50  Gateway  
  17  0:52  Probe  
  18  0:59  Pylon  
  18  1:00  Probe  
  19  1:17  Probe  
  20  1:38  Zealot  
  22  1:40  Gateway  
  22  1:42  Cybernetics Core  
  22  1:44  Assimilator  
  22  1:57  Zealot  
  22  2:00  Pylon  
  24  2:12  Warp Gate  
  24  2:22  Stalker  
  26  2:31  Zealot  
  28  2:40  Pylon  
  28  2:52  Adept  
  30  2:58  Zealot  
  32  3:17  Pylon  
  32  3:22  Stalker  
  32  3:27  Stalker  
  36  3:45  Probe  
  37  3:51  Adept  
  39  3:57  Probe  
  39  3:59  Pylon  
  40  4:04  Zealot  
  40  4:07  Probe  
  43  4:15  Probe  
  43  4:17  Forge  
  43  4:23  Probe  
  44  4:24  Stalker  
  47  4:35  Zealot  
  47  4:36  Probe  
  49  4:47  Zealot  
  49  4:48  Probe  
  52  4:58  Stalker  
  54  6:15  Protoss Ground Weapons Level 1  
  54  6:25  Sentry  
  56  6:27  Gateway  
  56  6:32  Stalker  
  58  6:34  Pylon  
  58  6:37  Photon Cannon  
  58  6:38  Nexus  
  58  6:40  Stalker  
  58  6:42  Photon Cannon  
  58  6:45  Robotics Facility  
  60  6:47  Stargate  
  60  6:50  Twilight Council  
  60  6:53  Forge  
  60  6:56  Stalker  
  62  7:03  Stalker  
  62  7:05  Pylon  
  58  7:18  Sentry  
  44  7:24  Protoss Ground Armor Level 1  
  44  7:26  Stalker  
  44  7:27  Blink  
  46  7:33  Zealot  
  48  7:42  Zealot  
  50  7:47  Probe  
  50  7:49  Stalker  
  50  7:50  Probe  
  54  7:55  Probe  
  54  7:56  Stalker  
  56  8:03  Probe  
  56  8:04  Adept, Probe  
  61  8:12  Adept  
  61  8:14  Observer  
  61  8:15  Probe  
  61  8:19  Probe  
  66  8:23  Probe  
  66  8:28  Pylon  
  66  8:31  Probe x2  
  68  8:36  Observer  
  68  8:38  Pylon  
  70  8:42  Probe  
  70  8:43  Probe  
  72  8:50  Probe  
  73  8:56  Probe  
  73  8:59  Photon Cannon  
  73  9:01  Photon Cannon  
  74  9:03  Photon Cannon  
  74  9:35  Assimilator  
  74  9:38  Assimilator  
  74  9:54  Probe  
  75  10:01  Probe  
  75  10:02  Probe  
  77  10:14  Probe  
  78  10:15  Observer  
  78  10:26  Warp Prism  
  78  10:27  Adept  
  78  10:28  Gateway  
  74  10:35  Adept  
  78  10:43  Adept, Oracle  
  83  10:52  Pylon, Adept  
  85  10:59  Nexus  
  85  11:01  Warp Prism  
  87  11:11  Robotics Facility  
  87  11:16  Stargate  
  87  11:18  Robotics Bay  
  87  11:29  Gateway  
  87  11:31  Observer  
  88  11:40  Fleet Beacon  
  88  11:48  Warp Prism  
  88  11:50  Immortal  
  88  11:54  Adept  
  88  11:56  Pylon  
  74  12:10  Stargate  
  74  12:11  Zealot  
  70  12:19  Adept  
  72  12:24  Observer  
  72  12:27  Adept  
  75  12:32  Assimilator  
  75  12:34  Protoss Ground Weapons Level 2, Oracle  
  75  12:35  Zealot  
  80  12:43  Adept  
  82  12:44  Probe  
  82  12:46  Probe  
  82  12:47  Probe  
  85  12:51  Adept  
  85  12:57  Probe  
  85  12:58  Protoss Ground Armor Level 2  
  88  12:59  Adept  
  88  13:00  Probe  
  88  13:01  Probe  
  92  13:07  Sentry  
  92  13:09  Probe  
  95  13:13  Probe  
  95  13:14  Probe  
  95  13:15  Colossus  
  95  13:18  Carrier  
  103  13:21  Probe  
  103  13:23  Gravitic Boosters  
  103  13:25  Probe  
  111  13:27  Probe  
  111  13:31  Immortal  
  111  13:33  Probe  
  117  13:37  Nexus  
  117  13:47  Protoss Air Weapons Level 1  
  117  13:53  Pylon  
  117  13:57  Pylon  
  117  14:00  Stalker  
  109  14:08  Stalker  
  96  14:11  Gravitic Drive  
  96  14:14  Observer  
  96  14:15  Assimilator  
  96  14:16  Adept  
  88  14:24  Stalker  
  90  14:31  Oracle  
  90  14:32  Adept  
  90  14:33  Observer  
  92  14:40  Adept  
  92  14:44  Photon Cannon  
  97  14:48  Zealot  
  97  14:50  Probe  
  97  14:52  Photon Cannon, Zealot  
  102  14:57  Adept  
  102  14:58  Assimilator  
  104  15:01  Adept  
  104  15:05  Assimilator, Probe x2  
  104  15:06  Adept  
  109  15:07  Protoss Shields Level 1  
  109  15:11  Stalker  
  112  15:15  Sentry  
  112  15:20  Immortal  
  118  15:26  Zealot  
  118  15:27  Resonating Glaives  
  120  15:30  Templar Archives  
  120  15:31  Zealot  
  120  15:33  Protoss Ground Weapons Level 3  
  122  15:36  Sentry  
  122  15:42  Protoss Air Armor Level 1  
  124  16:00  Pylon, Psionic Storm  
  124  16:08  High Templar  
  126  16:11  Pylon  
  126  16:13  High Templar  
  126  16:16  Pylon  
  128  16:22  High Templar, Archon  
  130  16:27  High Templar  
  132  16:39  Photon Cannon  
  132  16:43  Photon Cannon  
  132  16:45  Archon  
  132  16:46  High Templar  
  134  16:50  High Templar  
  136  16:57  Nexus  
  136  17:21  Protoss Shields Level 2  
  123  17:37  Observer  
  123  17:38  Zealot, Archon  
  123  17:42  Protoss Air Weapons Level 2, High Templar  
  125  17:47  High Templar  
  127  18:05  Archon  
  127  18:06  High Templar  
  127  18:11  High Templar  
  131  18:13  Void Ray  
  131  18:16  Assimilator  
  131  18:18  Protoss Ground Armor Level 3  
  131  18:21  Pylon  
  135  18:27  Pylon  
  135  18:32  Assimilator  
  135  18:33  Void Ray  
  139  18:52  Photon Cannon  
  139  18:55  Photon Cannon  
  139  19:03  Dark Shrine  
  139  19:15  High Templar  
  137  19:20  High Templar  
  139  19:38  Protoss Air Armor Level 2  
  139  20:00  Protoss Shields Level 3  
  139  20:09  Archon  
  139  20:10  High Templar  
  141  20:16  High Templar  
  143  20:50  Probe  
  143  20:51  Probe x2  
  143  20:52  Probe  
  140  21:02  Probe  
  140  21:03  Probe x2  
  136  21:06  Probe  
  136  21:09  Pylon  
  135  21:15  Probe  
  135  21:16  Probe x2  
  138  21:28  Nexus  
  138  21:41  Assimilator  
  138  21:51  Stalker  
  138  21:52  Disruptor  
  140  21:55  Oracle  
  140  21:57  Disruptor  
  140  21:58  Zealot  
  148  22:02  Zealot  
  148  22:05  Probe x2  
  148  22:07  Cybernetics Core  
  147  22:10  Tempest  
  147  22:12  Archon  
  147  22:15  Zealot  
  144  22:19  Photon Cannon, Zealot  
  119  22:23  Zealot  
  119  22:25  Immortal  
  119  22:26  Zealot  
  99  22:35  Immortal  
  99  22:39  Zealot  
  99  22:42  Zealot  
  95  22:45  Photon Cannon  
  95  22:46  Zealot  
  95  22:49  Zealot  
  99  22:53  Zealot  
  99  22:54  Photon Cannon  
  99  22:57  Stalker  
  103  22:59  Twilight Council  
  103  23:01  Stalker  
  103  23:04  Assimilator  
  103  23:05  Stalker  
  107  23:08  Stalker  
  105  23:13  Sentry  
  105  23:14  Photon Cannon  
  105  23:19  Photon Cannon  
  103  23:20  Stalker  
  103  23:24  Stalker  
  105  23:28  Stalker, Probe  
  105  23:29  Probe  
  105  23:31  Probe  
  105  23:32  Sentry, Probe  
  110  23:35  Probe  
  110  23:37  Stalker  
  110  23:41  Stalker  
  113  23:43  Photon Cannon  
  113  23:45  Stalker  
  113  23:46  Oracle  
  111  23:49  Stalker  
  111  23:55  Stalker  
  110  24:00  Photon Cannon, Stalker  
  108  24:03  Sentry  
  108  24:04  Immortal  
  108  24:08  Stalker  
  107  24:10  Void Ray  
  107  24:12  Sentry  
  100  24:18  Stalker  
  100  24:23  Stalker  
  99  24:26  Zealot  
  97  24:31  Stalker  
  97  24:35  Stalker  
  98  24:43  Disruptor  
  98  24:44  Stalker  
  98  24:45  Void Ray  
  101  24:48  Stalker  
  101  24:52  Nexus  
  101  24:53  Stalker  
  101  24:57  Stalker  
  98  25:06  Pylon  
  96  25:11  Pylon  
  92  25:14  Pylon, Zealot  
  92  25:19  Zealot  
  92  25:20  Void Ray  
  96  25:22  Pylon  
  96  25:24  Disruptor  
  98  25:39  Dark Templar  
  92  25:45  Dark Templar  
  92  25:48  Pylon  
  82  25:50  Void Ray, Probe  
  82  25:53  Probe  
  82  25:54  Pylon, Probe  
  82  25:55  Immortal  
  70  26:00  Templar Archives  
  70  26:02  Probe  
  74  26:04  Probe  
  74  26:05  Probe  
  74  26:07  Probe  
  74  26:11  Pylon  
  68  26:14  Probe  
  68  26:17  Robotics Bay, Probe x2  
  70  26:19  Probe  
  70  26:20  Void Ray  
  70  26:26  Pylon  
  70  26:27  Probe  
  70  26:28  Probe  
  70  26:30  Probe  
  70  26:32  Pylon  
  74  26:36  Pylon, Probe  
  74  26:40  Pylon  
  65  26:51  Assimilator  
  52  26:55  Void Ray  
  52  27:00  Zealot x2, Probe  
  52  27:01  Zealot, Probe  
  55  27:02  Probe  
  55  27:05  Pylon  
  55  27:07  Disruptor  
  61  27:10  Assimilator  
  61  27:12  Probe  
  56  27:17  High Templar  
  49  27:25  Void Ray  
  49  27:26  Pylon  
  49  27:28  Zealot  
  39  27:39  High Templar  
  37  27:46  Probe  
  37  27:48  Zealot, Probe  
  40  27:53  Zealot  
  40  27:56  Zealot  
  38  28:09  High Templar  
  38  28:11  Zealot  
  30  28:14  Zealot  
  30  28:19  High Templar  
  20  28:25  High Templar  
  21  28:29  Probe  
  21  28:34  Archon  
  20  28:44  Probe  
  16  28:57  Probe  
Show
View Real Time Build Order
Export as new Build Order

A.I. 7 (Harder) Terran 

Build Orders:  

Get SALT Encoding   

  12  0:01  SCV  
  13  0:13  SCV  
  14  0:18  Supply Depot  
  14  0:25  SCV  
  15  0:40  SCV  
  16  0:43  Barracks  
  16  0:48  Refinery  
  16  0:52  SCV  
  17  1:04  SCV  
  18  1:16  SCV  
  19  1:20  Supply Depot  
  19  1:28  SCV  
  19  1:30  Marine  
  21  1:41  Orbital Command, Barracks  
  21  1:48  Refinery, Barracks Tech Lab  
  21  2:07  Marine, Supply Depot  
  22  2:25  Marauder  
  22  2:28  Marine  
  25  2:40  Supply Depot  
  25  2:45  Marine  
  25  2:48  Marine  
  27  3:03  Marine  
  28  3:06  Marauder  
  30  3:14  Supply Depot  
  30  3:21  Marine, SCV  
  32  3:28  Marauder  
  32  3:33  SCV  
  35  3:35  Engineering Bay  
  35  3:39  Marine  
  36  3:45  SCV  
  37  3:49  Marauder  
  39  3:57  Marine  
  39  3:58  SCV  
  39  4:01  Supply Depot  
  41  4:10  SCV, Marauder  
  41  4:15  Marine  
  44  4:22  SCV  
  45  4:32  Marauder  
  45  4:34  SCV  
  48  4:53  Marauder  
  50  5:11  SCV  
  50  5:59  Barracks Tech Lab  
  50  6:01  Reaper, Stimpack  
  50  6:02  Terran Infantry Weapons Level 1, Factory  
  50  6:12  Command Center, Factory  
  50  6:13  Ghost Academy  
  50  6:17  Marine, Supply Depot, Combat Shield  
  51  6:20  Missile Turret  
  51  6:22  Missile Turret  
  51  6:33  Reaper  
  51  6:35  Marine  
  53  6:47  Bunker  
  53  6:48  Factory Tech Lab  
  53  6:52  Marine  
  54  6:55  Starport  
  54  7:02  Starport  
  54  7:05  Marine  
  54  7:09  Barracks, Factory Tech Lab  
  54  7:10  Marine  
  51  7:23  Marine  
  51  7:25  SCV  
  51  7:26  Refinery, SCV  
  51  7:28  Marine  
  55  7:37  SCV  
  55  7:38  Missile Turret  
  55  7:40  Refinery, Marine  
  55  7:41  Concussive Shells  
  55  7:42  SCV  
  58  7:44  Starport Tech Lab x2, Missile Turret  
  58  7:46  Ghost  
  58  7:49  SCV  
  61  7:55  SCV  
  61  7:56  Terran Infantry Armor Level 1  
  61  7:58  Marine x2  
  63  8:01  SCV  
  63  8:03  Raven  
  63  8:04  Raven  
  69  8:07  Bunker, SCV  
  70  8:13  SCV  
  70  8:14  Marine  
  70  8:19  SCV  
  73  8:22  Sensor Tower  
  73  8:25  SCV  
  74  8:31  SCV  
  75  8:37  SCV  
  76  8:43  Barracks Reactor, SCV, Armory  
  76  8:47  Supply Depot  
  77  8:50  SCV  
  77  8:55  SCV  
  79  9:02  SCV  
  80  9:07  SCV  
  81  9:14  SCV  
  82  9:19  SCV  
  83  9:26  SCV  
  83  9:30  Supply Depot  
  84  9:31  SCV  
  85  10:11  Medivac x2  
  85  10:12  Siege Tank  
  92  10:16  Cyclone, Factory  
  92  10:21  Terran Infantry Weapons Level 2  
  95  10:23  Starport  
  95  10:26  Supply Depot, Command Center  
  95  10:41  Raven, Medivac  
  99  10:45  Terran Vehicle Weapons Level 1  
  99  10:47  Thor  
  105  10:52  Engineering Bay  
  105  10:56  Supply Depot  
  105  10:59  Factory Tech Lab  
  105  11:00  Starport Reactor  
  105  11:17  Terran Infantry Armor Level 2  
  105  11:24  Fusion Core  
  105  11:26  Supply Depot  
  105  11:32  Armory  
  104  11:41  SCV x2  
  107  11:53  SCV x2  
  108  12:05  SCV  
  108  12:06  Missile Turret  
  108  12:07  SCV  
  108  12:17  SCV  
  108  12:19  SCV, Terran Vehicle And Ship Armor Level 1  
  109  12:25  Raven, Command Center  
  109  12:27  Marine  
  109  12:29  SCV  
  103  12:30  Marine  
  103  12:32  SCV  
  103  12:34  Marine, Missile Turret  
  101  12:37  Missile Turret  
  101  12:38  Marine  
  101  12:39  Terran Ship Weapons Level 1  
  101  12:40  Missile Turret  
  101  12:41  SCV  
  101  12:44  Marine, SCV  
  104  12:48  Marine  
  106  12:52  Marine  
  106  12:53  SCV  
  106  12:56  SCV  
  109  13:00  Refinery  
  109  13:05  SCV  
  109  13:08  SCV  
  109  13:12  Refinery  
  111  13:14  Supply Depot  
  111  13:17  SCV  
  112  13:20  SCV  
  113  13:30  SCV  
  113  13:32  SCV  
  115  13:37  SCV  
  115  13:38  Viking  
  121  13:41  Siege Tank  
  121  13:43  Supply Depot  
  121  13:44  Siege Tank  
  121  13:47  Viking  
  126  13:51  Siege Tank  
  128  13:56  Viking  
  130  14:05  SCV  
  130  14:06  Viking  
  130  14:08  Banshee  
  130  14:09  Supply Depot  
  136  14:13  Siege Tank  
  136  14:16  Marine, Siege Tank  
  136  14:19  Marine  
  136  14:23  Cyclone  
  134  14:25  Marine  
  134  14:28  Marine  
  134  14:29  Terran Infantry Weapons Level 3  
  124  14:34  Marine  
  124  14:35  Banshee  
  122  14:45  Cyclone  
  125  14:48  Thor  
  131  14:55  Thor  
  131  14:57  Terran Infantry Armor Level 3  
  137  15:00  Command Center  
  137  15:13  Terran Vehicle Weapons Level 2  
  137  15:25  Bunker  
  137  15:41  Terran Vehicle And Ship Armor Level 2  
  137  16:15  SCV  
  137  16:36  Refinery  
  137  16:43  Missile Turret  
  137  16:46  Missile Turret  
  137  16:47  Refinery  
  137  16:59  SCV  
  138  17:02  Rapid Reignition System  
  138  17:06  Hi-Sec Auto Tracking  
  138  17:07  Hellion  
  140  17:10  Hellion  
  140  17:12  Marine  
  140  17:15  Marine, Bunker  
  143  17:18  Marine  
  143  17:20  Supply Depot  
  143  17:21  Marine  
  146  17:25  Hellion  
  146  17:28  Terran Ship Weapons Level 2, Hellion  
  150  17:31  Siege Tank  
  150  17:34  Neosteel Armor  
  153  17:40  Infernal Pre-Igniter  
  153  17:46  Siege Tank  
  153  17:49  Siege Tank  
  159  17:57  Terran Vehicle Weapons Level 3  
  159  18:03  Siege Tank  
  162  18:08  Missile Turret  
  162  18:19  SCV  
  162  18:33  SCV  
  162  18:34  SCV  
  157  18:35  SCV x2  
  150  18:45  SCV  
  150  18:46  SCV  
  150  18:47  SCV  
  150  18:48  SCV  
  142  18:52  Marine  
  140  18:57  SCV  
  140  19:00  SCV  
  140  19:02  SCV  
  135  19:03  SCV  
  135  19:06  Siege Tank  
  135  19:07  Missile Turret  
  135  19:09  SCV, Siege Tank  
  132  19:12  SCV, Siege Tank, Missile Turret  
  132  19:14  SCV  
  132  19:16  Refinery, SCV  
  126  19:21  SCV  
  127  19:28  Raven  
  127  19:38  Siege Tank  
  130  19:40  SCV x2  
  130  19:41  Siege Tank  
  130  19:44  Terran Vehicle And Ship Armor Level 3, Siege Tank  
  138  20:30  Battlecruiser  
  138  20:34  Terran Ship Weapons Level 3  
  144  20:39  Viking  
  146  20:47  Supply Depot  
  146  20:49  Viking  
  147  20:53  Missile Turret  
  144  21:09  Banshee  
  129  21:17  Bunker  
  129  21:18  Command Center  
  125  21:34  Raven, Medivac  
  111  21:51  Banshee  
  95  21:56  Medivac  
  85  22:03  Marine x2  
  85  22:04  Marine x2  
  85  22:05  Viking, Hellion  
  85  22:06  Hellion x2  
  92  22:17  Viking  
  92  22:21  Marine  
  92  22:22  Marauder  
  97  22:26  Medivac  
  97  22:27  Hellion  
  101  22:33  Refinery  
  101  22:34  Raven  
  98  22:37  SCV  
  98  22:38  SCV  
  96  22:46  Raven  
  96  22:48  SCV  
  96  22:50  SCV x2  
  97  22:53  SCV  
  95  22:59  Missile Turret  
  95  23:01  SCV  
  95  23:02  SCV x2, Missile Turret  
  95  23:05  SCV  
  82  23:13  SCV  
  82  23:14  SCV x2  
  82  23:17  SCV, Battlecruiser  
  82  23:18  Weapon Refit  
  91  23:25  SCV  
  91  23:26  SCV  
  89  23:28  SCV  
  89  23:29  SCV  
  89  23:30  Battlecruiser  
  89  23:34  Viking  
  92  23:37  SCV  
  92  23:38  SCV, Bunker  
  92  23:40  SCV  
  94  23:41  SCV  
  91  23:49  SCV  
  91  23:50  SCV  
  91  23:52  SCV  
  91  23:54  SCV  
  92  24:01  SCV  
  92  24:02  SCV  
  90  24:04  SCV  
  90  24:05  Marine  
  90  24:09  Siege Tank  
  94  24:12  Marine  
  94  24:13  SCV  
  94  24:14  SCV  
  94  24:16  Marine, SCV  
  92  24:19  Marine  
  92  24:23  Siege Tank  
  93  24:24  Command Center  
  93  24:25  SCV  
  93  24:26  SCV  
  93  24:27  Siege Tank  
  93  24:28  SCV  
  93  24:30  Marine  
  99  24:32  Missile Turret  
  99  24:34  Marine  
  99  24:37  Marine, SCV  
  99  24:38  Viking, SCV  
  102  24:41  SCV  
  102  24:42  Marine  
  102  24:44  Viking  
  107  24:49  SCV, Marauder  
  107  24:50  SCV  
  107  24:52  Marine  
  105  24:53  SCV  
  105  24:55  Marine  
  105  24:56  Cyclone  
  108  25:00  Marine  
  108  25:02  SCV  
  108  25:03  SCV  
  108  25:06  Refinery  
  111  25:08  Thor, Battlecruiser  
  111  25:10  Marauder  
  111  25:12  Siege Tank  
  127  25:16  Marine  
  127  25:20  Battlecruiser  
  125  25:25  SCV  
  125  25:26  SCV  
  119  25:28  Siege Tank  
  122  25:42  Command Center  
  120  25:44  Siege Tank  
  120  25:48  Viking  
  123  25:58  Marine  
  123  26:03  Viking  
  111  26:07  Marauder  
  106  26:31  Factory Tech Lab  
  106  26:32  Viking  
  105  26:35  Marine  
  105  26:37  Marine  
  105  26:38  SCV  
  105  26:39  Marine, Viking  
  87  26:40  SCV  
  56  26:48  SCV  
  56  26:53  Marine  
  50  26:55  Marine, SCV  
  50  26:56  SCV  
  50  26:57  Refinery  
  50  26:59  Viking  
  50  27:00  SCV  
  39  27:09  SCV x2  
  39  27:11  Marine  
  27  27:22  Refinery  
  27  27:23  SCV  
  27  27:28  SCV x2  
  11  27:51  SCV x2  
  8  28:12  SCV  
  6  28:20  SCV  
  6  28:32  SCV  
  5  28:39  SCV  
  5  28:53  SCV  
  5  28:58  Marine, SCV x2  
Tags
 
Add a new tag
Caveats
  • Supply blocks, unpowered buildings, or Contaminate may cause inaccurate times.
  • Supply counts are checked every 10 seconds.